 Dungeon Crawl Stone Soup version 0.16.1-2-g95b8d4c (webtiles) character file.

42 hhkb the Sneak (level 3, 0/18 HPs)
             Began as a Vine Stalker Assassin on Mar 24, 2015.
             Succumbed to an adder's poison
             ... on level 2 of the Dungeon.
             The game lasted 00:02:28 (766 turns).

hhkb the Sneak (Vine Stalker Assassin)               Turns: 766, Time: 00:02:28

Health: 0/18       AC:  6    Str: 14    XL:     3   Next: 56%
Magic:  1/4        EV: 10    Int: 11    God:
Gold:   76         SH:  0    Dex: 15    Spells: 0 memorised, 2 levels left

rFire  . . .     SeeInvis .     a - +2 dagger
rCold  . . .     Clarity  .     p - +0 ring mail
rNeg   . . .     SustAb   .     (no shield)
rPois  .         Gourm    .     (no helmet)
rElec  .         Spirit   +     d - +0 cloak
rCorr  .         Warding  .     (no gloves)
rMut   .         Stasis   .     (no boots)
MR     .....                    (no amulet)
Stlth  ++........               (no ring)
                                (no ring)

@: lethally poisoned (0 -> -7), not resistant to hostile enchantments,
unstealthy
A: fangs 2, regeneration 1, magic shield, antimagic bite, no device heal 3, rot
immunity
a: no special abilities


You were on level 2 of the Dungeon.
You were not hungry.

You visited 1 branch of the dungeon, and saw 2 of its levels.

You collected 76 gold pieces.

Inventory:

Hand weapons
 a - a +2 dagger (weapon)
 b - a +0 blowgun
Missiles
 e - 19 poisoned needles
 f - 2 curare-tipped needles
Armour
 c - a +0 robe
 d - a +0 cloak (worn)
 p - a +0 ring mail (worn)
   (You found it on level 1 of the Dungeon)
Scrolls
 h - a scroll of remove curse {unknown}
 j - a scroll of blinking {unknown}
 m - a scroll of enchant armour {unknown}
 o - a scroll of random uselessness {unknown}
Potions
 k - a potion of cure mutation {unknown}
 l - a potion of brilliance {unknown}
 n - a potion of magic {unknown}
 q - a potion of poison {unknown}
Comestibles
 g - 2 bread rations {@e1}
 i - a meat ration {@e2}


   Skills:
 - Level 1.8 Fighting
 + Level 3.2 Short Blades
 - Level 1.9 Throwing
 - Level 0.7 Dodging
 - Level 5.0 Stealth


You had 2 spell levels left.
You didn't know any spells.

Dungeon Overview and Level Annotations

Branches:
Dungeon (2/15)

Altars:


Innate Abilities, Weirdness & Mutations

You have extremely sharp teeth.
Your natural rate of healing is unusually fast.
When hurt, damage is shared between your health and your magic reserves.
Your bite disrupts and absorbs the magic of your enemies.
Potions and wands cannot restore your health.
You are immune to rotting.


Message History

Unknown command.
Things that are here:
a short sword; 7 stones MP restored: 4 You start resting.
Health restored: 18 You see here a hand axe.
You now have 65 gold pieces (gained 5).
There is a staircase leading out of the dungeon here.
A goblin comes into view. It is wielding a club.
The goblin shouts!
A goblin is nearby!
A goblin is nearby!
You hit the goblin. You bite the goblin. You drain its power.
The goblin barely misses you.
You hit the goblin.
You kill the goblin!
No target in view!
No target in view!
Things that are here:
a club; a goblin corpse You see here a rat skeleton.
Partly explored, can't reach some items.
Partly explored, can't reach some items.
Partly explored, can't reach some items.
Partly explored, can't reach some items.
Partly explored, can't reach some items.
Partly explored, can't reach some items.
Partly explored, can't reach some items.
Partly explored, can't reach some items.
Partly explored, can't reach some items.
(D) Dungeon
Where to? (Enter - D:1 @ (x,y), ? - help)
There is a stone staircase leading down here.
You climb downwards.
There is a stone staircase leading up here.
You see here a ring mail.
You see here a ring mail.
There is a stone staircase leading up here.
You now have 76 gold pieces (gained 11).
q - a glowing silvery potion An adder comes into view.
An adder is nearby!
An adder is nearby!
An adder is nearby!
An adder is nearby!
An adder is nearby!
You are alive.
Your movement speed is average.
Your attack speed is above average.
You are not resistant to hostile enchantments.
You feel unstealthy.
Wield which item (- for none, * to show all)? (? for menu, Esc to quit)
Okay, then.
b - a +0 blowgun (weapon)
Aim: an adder You shoot a poisoned needle.
The poisoned needle barely misses the adder.
The adder barely misses you.
Aim: an adder You shoot a poisoned needle.
The poisoned needle barely misses the adder.
The adder bites you.
You are poisoned.
The adder poisons you!
You take 2 damage, and have 16/18 hp.
Aim: an adder You shoot a poisoned needle.
The poisoned needle misses the adder.
You feel sick. The adder closely misses you.
You take 1 damage, and have 15/18 hp.
a - a +2 dagger (weapon)
The adder bites you but does no damage.
You barely miss the adder. You bite the adder. You drain its power.
The adder bites you.
You are more poisoned.
The adder poisons you!
You take 3 damage, and have 12/18 hp.
You now have 3/4 mp.
You barely miss the adder.
You feel sick. The adder closely misses you.
You take 1 damage, and have 11/18 hp.
You hit the adder. You bite the adder, but do no damage. The adder bites you.
You are more poisoned.
The adder poisons you!
You take 1 damage, and have 10/18 hp.
You now have 2/4 mp.
You closely miss the adder.
You feel sick. The adder bites you.
You are lethally poisoned!
The adder poisons you!
You take 3 damage, and have 7/18 hp.
You now have 1/4 mp.
You hit the adder.
You feel sick. The adder bites you.
* * * LOW HITPOINT WARNING * * *
You take 5 damage, and have 2/18 hp.
MASSIVE DAMAGE!!
You hit the adder.
You kill the adder!
* * * LOW HITPOINT WARNING * * *
You feel sick.
You take 1 damage, and have 1/18 hp.
* * * LOW HITPOINT WARNING * * *
You feel sick.
You see here 2 poisoned needles.
e - 19 poisoned needles (gained 2)
You die...

#.#.#.......#### .
..............(+ ..#
#.#.#.......#### .....
#.#.#......##
...#.#+#.#...#+###......
............# .####
##........# ..
#..%......# ##.
#...@.#.....# .#
#...#.#...#.#
#...#.#.###.# #.(.#.#.#
# ##.##.#.. .. #.### ...
%.. ... #.# .


There were no monsters in sight!

Vanquished Creatures
  An adder (D:2)
  A giant gecko (D:1)
  A giant cockroach (D:1)
  11 goblins (D:1)
  4 hobgoblins (D:1)
  2 jackals (D:1)
  3 bats (D:1)
  A giant newt (D:1)
  4 kobolds (D:1)
  4 rats (D:1)
32 creatures vanquished.

Notes
Turn   | Place    | Note
--------------------------------------------------------------
     0 | D:1      | hhkb, the Vine Stalker Assassin, began the quest for the Orb.
     0 | D:1      | Reached XP level 1. HP: 11/11 MP: 1/1
    24 | D:1      | Reached skill level 5 in Stealth
    92 | D:1      | Reached skill level 2 in Short Blades
    94 | D:1      | Reached XP level 2. HP: 10/15 MP: 0/3
   387 | D:1      | Reached XP level 3. HP: 18/18 MP: 4/4
   470 | D:1      | Reached skill level 3 in Short Blades
   763 | D:2      | HP: 2/18 [adder (4)]
   766 | D:2      | Succumbed to an adder's poison

Action                   || total
-------------------------++-------
Melee: Dagger            ||   113
 Fire: Blowgun           ||     3
 Stab: Sleeping          ||     7

Vault maps used:
D:1:      grunt_arrival_lava_bath, minmay_misc_feat_cross
D:2:      kennysheep_the_goblin_king, lemuel_zombie_altar_yredelemnul,
          lemuel_doored_altar, first_bread, uniq_iyjb, uniq_terence

Table legend:
 A = Turns spent in this place as a percentage of turns spent in the entire game.
 B = Non-inter-level travel turns spent in this place as a percentage of non-inter-level travel turns spent in the entire game.
 C = Inter-level travel turns spent in this place as a percentage of turns spent in this place.
 D = Turns resting spent in this place as a percentage of non-inter-level travel turns spent in this place.
 E = Turns spent auto-exploring this place as a percentage of non-inter-level travel turns spent in this place.
 F = Non-inter-level travel turns spent in this place divided by the number of levels of this place that you've seen.
                   A       B       C       D       E      F
               +-------+-------+-------+-------+-------+----------------------
         Total | 100.0 | 100.0 |   0.4 |   1.1 |   8.0 | 276.0
       Dungeon | 100.0 | 100.0 |   0.4 |   1.1 |   8.0 | 276.0
               +-------+-------+-------+-------+-------+----------------------

Table legend:
 A = Kills in this place as a percentage of kills in entire the game.
 B = Kills by you in this place as a percentage of kills by you in the entire game.
 C = Kills by friends in this place as a percentage of kills by friends in the entire game.
 D = Other kills in this place as a percentage of other kills in the entire game.
 E = Experience gained in this place as a percentage of experience gained in the entire game.
 F = Experience gained in this place divided by the number of levels of this place that you have seen.
                   A       B       C       D       E      F
               +-------+-------+-------+-------+-------+----------------------
         Total | 100.0 | 100.0 |  -nan |  -nan | 100.0 |  30.5
       Dungeon | 100.0 | 100.0 |  -nan |  -nan | 100.0 |  30.5
               +-------+-------+-------+-------+-------+----------------------
